AoeStats
← CrazyBen

Highland

505864871Analyzed
4v4 RM · 21d ago on Sep 11, 2026· 51m 25s· 8 players
Game mode
Random Map
Map size
Large (8 player)
Population
200
Speed
Normal
Resources
Standard
Victory
Conquest
Starting age
Dark Age
Ending age
Imperial Age
RankedLock teamsTeams togetherTeam positionsShared explorationLock speedFull tech treeHidden civsTurbo modeCheats
Victory
Defeat
🇫🇷 Slavs · France
1641
+9
🇹🇼 Magyars · Taiwan
1477
+16
🇻🇳 Celts · Vietnam
1458
+17
🇫🇷 Malay · France
1285
+22
🇬🇧 Cumans · United Kingdom
1500
-17
🇺🇸 Britons · United States
1490
-17
🇫🇷 Khmer · France
1451
-15
🇫🇷 Burmese · France
1447
-15
菜就怪隊友
5:59 Loom
12:11 Feudal Age
13:04 Double-Bit Axe
19:47 Castle Age
19:54 Stone Mining
19:55 Fletching
21:55 Scale Barding Armor
22:27 Bodkin Arrow
24:16 Chain Barding Armor
26:33 Wheelbarrow
26:01 Horse Collar
30:10 Padded Archer Armor
31:20 Bloodlines
31:40 Leather Archer Armor
32:15 Thumb Ring
32:14 Town Watch
33:46 Hand Cart
38:10 Imperial Age
37:14 Heavy Plow
37:17 Corvinian Army
37:34 Elite Skirmisher
39:52 Chemistry
39:27 Ring Archer Armor
38:58 Bracer
39:28 Bow Saw
40:30 Ballistics
41:37 Two-Man Saw
41:53 Parthian Tactics
42:14 Heavy Cavalry Archer
44:49 Conscription
46:07 Plate Barding Armor
49:03 Conscription
51:00 Recurve Bow
yalaric
5:58 Loom
11:06 Feudal Age
13:07 Double-Bit Axe
21:00 Horse Collar
23:22 Town Watch
27:08 Castle Age
27:22 Wheelbarrow
26:59 Bow Saw
29:57 Crossbowman
33:20 Thumb Ring
33:07 Fletching
35:29 Ballistics
35:08 Bodkin Arrow
44:21 Imperial Age
44:00 Padded Archer Armor
44:19 Bracer
45:49 Chemistry
44:35 Arbalester
46:20 Hand Cart
46:23 Heavy Plow
47:52 Padded Archer Armor
JiKa
6:56 Loom
12:07 Feudal Age
16:46 Castle Age
14:30 Horse Collar
16:31 Double-Bit Axe
21:40 Wheelbarrow
22:11 Gold Mining
22:32 Bow Saw
23:47 Hand Cart
24:33 Town Watch
25:31 Heavy Plow
29:16 Bloodlines
29:07 Husbandry
29:14 Scale Barding Armor
29:21 Forging
31:50 Imperial Age
30:24 Gold Shaft Mining
29:48 Stone Mining
31:07 Scale Mail Armor
31:42 Chain Barding Armor
32:53 Iron Casting
32:02 Cavalier
34:09 Plate Barding Armor
33:10 Pikeman
33:50 Squires
34:32 Chain Mail Armor
34:41 Masonry
35:34 Blast Furnace
33:56 Halberdier
35:04 Capped Ram
36:25 Siege Ram
37:17 Detinets
37:44 Ballistics
38:24 Chemistry
37:58 Plate Mail Armor
37:40 Fletching
38:25 Coinage
38:55 Conscription
41:40 Town Patrol
41:37 Bodkin Arrow
42:59 Two-Man Saw
42:30 Crop Rotation
42:33 Banking
41:56 Onager
43:48 Conscription
43:30 Druzhina
43:44 Caravan
43:36 Elite Boyar
44:46 Siege Onager
45:34 Siege Engineers
45:35 Light Cavalry
47:14 Hoardings
thanh7531
2:13 Loom
10:37 Feudal Age
13:29 Forging
21:45 Castle Age
20:12 Scale Barding Armor
21:44 Double-Bit Axe
22:36 Wheelbarrow
23:03 Town Watch
23:21 Light Cavalry
25:26 Husbandry
29:19 Hand Cart
30:54 Horse Collar
42:37 Imperial Age
42:36 Chain Barding Armor
42:52 Cavalier
45:37 Iron Casting
46:32 Bow Saw
46:23 Heavy Plow
48:33 Caravan
48:41 Paladin
[Anvil] Suicidal Meat Shield
5:46 Loom
8:48 Feudal Age
9:38 Double-Bit Axe
10:05 Horse Collar
15:36 Town Watch
21:40 Castle Age
20:32 Gold Mining
22:29 Wheelbarrow
22:32 Bloodlines
26:04 Scale Barding Armor
26:11 Forging
27:06 Chain Barding Armor
34:08 Hand Cart
37:54 Imperial Age
37:24 Medium Warships
37:07 Fletching
37:53 Iron Casting
38:58 Cavalier
40:14 Plate Barding Armor
46:22 Light Cavalry
49:19 Hussar
Thor
5:31 Loom
8:39 Feudal Age
9:10 Double-Bit Axe
15:46 Horse Collar
19:51 Wheelbarrow
23:16 Castle Age
22:33 Fletching
24:25 Bow Saw
24:06 Gold Mining
24:18 Heavy Plow
24:24 Bodkin Arrow
25:12 Padded Archer Armor
26:02 Crossbowman
30:21 Hand Cart
34:47 Imperial Age
32:37 Stone Mining
33:32 Ballistics
33:59 Gold Shaft Mining
35:40 Arbalester
38:46 Bracer
40:31 Leather Archer Armor
42:02 Yeomen
42:03 Conscription
43:31 Warwolf
44:41 Ring Archer Armor
46:26 Chemistry
47:44 Town Watch
Jambonbeurre
7:19 Loom
9:35 Feudal Age
9:45 Man-at-Arms
15:57 Wheelbarrow
19:50 Castle Age
19:27 Gold Mining
19:20 Horse Collar
22:20 Stone Mining
23:29 Heavy Plow
31:01 Imperial Age
29:49 Ballistics
29:47 Scale Barding Armor
32:17 Conscription
31:21 Capped Ram
33:12 Chain Barding Armor
33:07 Fletching
35:50 Elite Arambai
CrazyBen
9:44 Feudal Age
13:11 Castle Age
11:34 Loom
11:56 Double-Bit Axe
12:04 Horse Collar
19:30 Ballistics
19:40 Bow Saw
27:41 Wheelbarrow
34:40 Imperial Age
32:26 Hand Cart
34:07 Scale Barding Armor
37:21 Chemistry
37:41 Coinage
37:30 Double Crossbow
37:27 Heavy Scorpion
42:49 Chain Barding Armor
42:48 Husbandry
42:09 Light Cavalry
43:22 Bloodlines
43:25 Forging
45:10 Plate Barding Armor
45:11 Iron Casting
44:43 Capped Ram
44:53 Hussar
45:38 Siege Ram
47:14 Siege Engineers
46:50 Elite Battle Elephant
Connection lost

Rejoining the realm…

Still unreachable

The connection could not be restored.

Session expired

The server has moved on; the page needs a fresh start.